 Dungeon Crawl Stone Soup version 0.30-a0-949-g53dc5368d7 (webtiles) character file.

Game seed: 6446501463396211452

89028 Lobster4 the Skirmisher (level 15, -1/126 HPs)
             Began as a Hill Orc Necromancer on Mar 27, 2023.
             Was a High Priest of Sif Muna.
             Constricted to death by a naga warrior (2 damage)
             ... on level 1 of the Snake Pit on Mar 28, 2023.
             The game lasted 01:53:50 (32295 turns).

Lobster4 the Skirmisher (Hill Orc Necromancer)     Turns: 32295, Time: 01:53:51

Health: -1/126     AC: 20    Str: 24    XL:     15   Next: 95%
Magic:  24/24      EV: 13    Int: 19    God:    Sif Muna [*****.]
Gold:   1675       SH: 12    Dex: 18    Spells: 12/26 levels left

rFire   + . .      SeeInvis .    N - +5 hand crossbow (flame)
rCold   + . .      Faith    .    z - +1 buckler of the Shining Light {rElec rF+ Dex+3 Slay-3}
rNeg    . . .      Spirit   .    O - +3 leather armour {rPois}
rPois   +          Reflect  +    h - +2 helmet
rElec   +          Rampage  .    (no cloak)
rCorr   .                        C - +2 pair of gloves
Will    +....                    F - +1 pair of boots of the Abyss {rC+ Str+3 Slay+2}
Stlth   ++                       B - amulet of reflection
HPRegen 0.41/turn                S - +4 ring of protection
MPRegen 0.19/turn                D - ring "Yzulumm" {Contam Str+6 Int+2 Dex+2}

@: constricted
A: no striking features
a: Renounce Religion, Channel Magic, Forget Spell, Divine Exegesis


You were on level 1 of the Snake Pit.
You worshipped Sif Muna.
Sif Muna was extremely pleased with you.
You visited 6 branches of the dungeon, and saw 25 of its levels.
You also visited: Ice Cave.

You collected 3281 gold pieces.
You spent 1606 gold pieces at shops.

Inventory:

Hand Weapons
 a - a +2 whip of venom
 b - a +4 sling
 k - a +2 broad axe of draining
 l - the +1 war axe of the Tortured God {drain, Will+}
   (You bought it in a shop on level 2 of the Orcish Mines)

   Will:      It increases your willpower.
 u - a +1 mace of protection
 N - a +5 hand crossbow of flaming (weapon)
Missiles
 f - 37 poisoned darts
 v - 4 curare-tipped darts
Armour
 h - a +2 helmet (worn)
 r - the +0 ring mail "Loist" {rElec rN+ Stlth-}
   (You bought it in a shop on level 2 of the Orcish Mines)

   rElec:     It insulates you from electricity.
   rN:        It protects you from negative energy.
   Stlth:     It makes you less stealthy.
 z - the +1 buckler of the Shining Light (worn) {rElec rF+ Dex+3 Slay-3}
   (You acquired it on level 15 of the Dungeon)

   Dex:       It affects your dexterity (+3).
   Slay:      It affects your accuracy & damage with ranged weapons and melee
   (-3).
   rF:        It protects you from fire.
   rElec:     It insulates you from electricity.
 C - a +2 pair of gloves (worn)
 F - the +1 pair of boots of the Abyss (worn) {rC+ Str+3 Slay+2}
   (You bought it in a shop on level 2 of the Orcish Mines)

   Str:       It affects your strength (+3).
   Slay:      It affects your accuracy & damage with ranged weapons and melee
   (+2).
   rC:        It protects you from cold.
 O - a +3 leather armour of poison resistance (worn)
 R - +0 acid dragon scales
 T - a +2 leather armour of cold resistance
Magical Staves
 o - a staff of poison
Jewellery
 c - an amulet of guardian spirit
 g - a ring of positive energy
 B - an amulet of reflection (around neck)
 D - the ring "Yzulumm" (right hand) {Contam Str+6 Int+2 Dex+2}
   (You acquired it on level 10 of the Dungeon)

   [ring of strength]

   Str:       It affects your strength (+6).
   Int:       It affects your intelligence (+2).
   Dex:       It affects your dexterity (+2).
   Contam:    It causes magical contamination when unequipped.
 E - a ring of fire
 L - a ring of see invisible
 M - a ring of ice
 S - a +4 ring of protection (left hand)
Wands
 e - a wand of paralysis (5)
 w - a wand of flame (35)
 H - a wand of digging (10)
 V - a wand of polymorph (4)
 Z - a wand of light (6)
Scrolls
 j - 5 scrolls of identify
 y - a scroll of silence
 A - 8 scrolls of teleportation
 I - 4 scrolls of magic mapping
 J - 3 scrolls of blinking
 W - 2 scrolls of immolation
 Y - 2 scrolls of enchant armour
Potions
 d - 6 potions of curing
 i - 5 potions of resistance
 m - 4 potions of ambrosia
 n - 5 potions of mutation
 p - 5 potions of magic
 t - a potion of invisibility
 x - 5 potions of lignification
 G - 6 potions of haste
 K - 3 potions of cancellation
 P - 5 potions of might
 Q - 3 potions of heal wounds
 U - 4 potions of brilliance


   Skills:
 - Level 10.0 Fighting
 + Level 8.3(9.9) Axes
 - Level 7.0(8.3) Maces & Flails
 * Level 11.0 Ranged Weapons
 - Level 3.0 Throwing
 - Level 10.0 Armour
 + Level 8.1 Dodging
 - Level 2.0 Stealth
 - Level 6.0 Shields
 + Level 6.2 Spellcasting
 - Level 3.0 Conjurations
 + Level 10.3 Necromancy
 - Level 6.0 Fire Magic
 + Level 6.4 Earth Magic
 - Level 10.0 Invocations
 - Level 4.0 Evocations


You had 12 spell levels left.
You knew the following spells:

 Your Spells              Type           Power      Damage    Failure   Level
a - Necrotise             Necr           100%       1d9       1%          1
b - Scorch                Fire           56%        2d8       1%          2
c - Vampiric Draining     Necr           45%        2d9       1%          3
d - Flame Wave            Conj/Fire      23%        2d8       24%         4
e - Animate Dead          Necr           45%        N/A       2%          4

Your spell library contained the following spells:

 Spells                   Type           Power      Damage    Failure   Level
 Kiss of Death            Conj/Necr      100%       2d13      1%          1
 Sublimation of Blood     Necr           45%        N/A       1%          2
 Magic Dart               Conj           68%        1d6       4%          1
 Agony                    Necr           45%        N/A       6%          5
 Searing Ray              Conj           34%        2d5       7%          2
 Shock                    Conj/Air       44%        1d5       9%          1
 Static Discharge         Conj/Air       22%        2-3/arc   13%         2
 Inner Flame              Hex/Fire       17%        N/A       14%         3
 Freeze                   Ice            20%        1d4       16%         1
 Slow                     Hex            20%        N/A       16%         1
 Kindle Blastsparks       Fire/Tloc/Air  26%        2d12      21%         3
 Lesser Beckoning         Tloc           10%        N/A       24%         2
 Sticky Flame             Conj/Fire      23%        2d4       24%         4
 Dazzling Flash           Conj/Hex       22%        N/A       26%         3
 Hailstorm                Conj/Ice       11%        3d5       26%         3
 Lee's Rapid Deconstruct  Erth           15%        3d10*     30%         5
 Animate Armour           Summ/Erth      36%        N/A       38%         4
 Petrify                  Tmut/Erth      18%        N/A       38%         4
 Confusing Touch          Hex            5%         N/A       43%         3
 Gell's Gravitas          Tloc           5%         N/A       43%         3
 Swiftness                Air            5%         N/A       43%         3
 Teleport Other           Tloc           5%         N/A       43%         3
 Vhi's Electric Charge    Tloc/Air       10%        N/A       43%         3
 Fireball                 Conj/Fire      11%        3d7       56%         5
 Fulminant Prism          Conj/Hex       5%         3d7       63%         4
 Iskenderun's Mystic Bla  Conj/Tloc      11%        2d4       63%         4
 Airstrike                Air            2%         2d(1-17)  83%         4
 Summon Ice Beast         Ice/Summ       5%         N/A       83%         4
 Freezing Cloud           Conj/Ice/Air   4%         6-21      96%         5
 Simulacrum               Ice/Necr       12%        N/A       96%         6
 Iron Shot                Conj/Erth      11%        9d3       98%         6
 Starburst                Conj/Fire      11%        6d5       98%         6
 Blade Hands              Tmut           2%         N/A       99%         5
 Metabolic Englaciation   Hex/Ice        2%         N/A       99%         5
 Summon Forest            Summ/Tloc      2%         N/A       99%         5
 Statue Form              Tmut/Erth      12%        N/A       99%         6
 Summon Cactus Giant      Summ           2%         N/A       100%        6
 Disjunction              Tloc           2%         N/A       100%        8
 Polar Vortex             Ice            2%         N/A       100%        9
 Shatter                  Erth           15%        3d15*     100%        9


Dungeon Overview and Level Annotations

Branches:
Dungeon (15/15)            Temple (1/1) D:6            Lair (5/5) D:11
  Swamp (0/4) Lair:3        Snake (1/4) Lair:3        Slime (0/5) Lair:4
    Orc (2/2) D:12            Elf (1/3) Orc:2        Vaults (0/5) D:13
 Depths (0/4) D:15          IceCv (visited)

Altars:
Ashenzari
Cheibriados
Dithmenos
Elyvilon
Fedhas
Gozag
Hepliaklqana
Kikubaaqudgha
Makhleb
Nemelex Xobeh
Okawaru
Qazlal
Ru
Sif Muna
Trog
Uskayaw
Vehumet
Wu Jian
Xom
Yredelemnul
Zin
The Shining One
Beogh
Jiyva

Shops:
D:6 :   D:13 ([(?:   Orc:2 !*[(=   Elf:1 ?:[

Portals:
Hell: Lair:5

Annotations:
D:5 1 exclusion
D:8 2 transporters, miket3c's ghost, novice MiFi
D:9 2 runed translucent doors, exclusion: acid dragon, Allyalt's ghost, novice TrBe
D:14 3 runed translucent doors, Roxanne; ytrimaz's ghost, journeyman FoFi
Lair:2 1 runed translucent door, Nabski's ghost, journeyman TeFE
Lair:4 3 runed translucent doors, Kavoxtif's ghost, journeyman MiFi


Message History

The naga closely misses you.
The naga warrior hits you but does no damage.
The naga warrior constricts you.
The naga hits you from afar with a +0 glaive!
The naga warrior barely misses you. The naga warrior constricts you.
You are too injured to fight recklessly!
You are too injured to fight recklessly!
You are too injured to fight recklessly!
You shoot a bolt. The bolt hits the naga warrior!
The bolt burns the naga warrior.
The naga warrior is moderately wounded.
You block the naga's attack. You block the naga warrior's attack.
The naga warrior constricts you.
You shoot a bolt. The bolt hits the naga warrior!
The bolt burns the naga warrior.
The naga warrior is heavily wounded.
You block the naga's attack. You block the naga warrior's attack.
The naga warrior constricts you.
You shoot a bolt.
The bolt barely misses the naga warrior.
The bolt hits the naga.
The bolt burns the naga.
The naga is almost dead.
The naga hits you from afar with a +0 glaive!!
* * * LOW HITPOINT WARNING * * *
You block the naga warrior's attack. The naga warrior constricts you.
The naga hits you from afar with a +0 glaive.
* * * LOW HITPOINT WARNING * * *
The naga warrior spits poison at you.
The splash of poison reflects off an invisible shield around you!
The splash of poison hits the naga warrior.
The naga warrior constricts you.
* * * LOW HITPOINT WARNING * * *
You shoot a bolt. The bolt hits the naga warrior!!
The bolt burns the naga warrior.
The naga warrior is severely wounded.
The naga hits you but does no damage.
The naga warrior hits you with a +0 dire flail!
* * * LOW HITPOINT WARNING * * *
The naga warrior constricts you.
You die...

...## ##.........#
#...## #..........#
##...## #.........##
###..# #.........####
#..## #............# #
##..## #...>.......)N #
#...#### #......######.
##.....#########...####
# ##.......)...@NN)..##
#....############...##
#...## ##...# ####...#
##...## .......#
##.....# ......##
#....†.## ......#
#....#.)## .....##
#.....##..# ....##
##....####......


You could see a naga warrior (catching breath) and a naga (strong).

Vanquished Creatures
  Gastronok (Lair:3)
  2 orc warlords (Orc:1)
  A dire elephant (Lair:5)
  A white draconian (IceCv)
  A fire dragon (D:15)
  Snorg (D:14)
  An ice dragon (D:15)
  A hydra (Lair:5)
  A catoblepas (Lair:3)
  3 boulder beetles
  6 centaur warriors
  Erica (D:8)
  A dancing weapon (Elf:1)
  5 two-headed ogres
  2 naga warriors (Snake:1)
  6 tengu warriors
  An orc high priest (Orc:2)
  Sonja (D:12)
  A deep elf knight (Elf:1)
  A skyshark (Lair:5)
  Nergalle (Orc:2)
  A sixfirhy (Lair:5)
  A deep elf archer (Elf:1)
  A wizard (Lair:5)
  3 orc knights
  A necromancer (D:13)
  9 deep elf pyromancers
  3 deep elf zephyrmancers (Elf:1)
  2 mana vipers (Snake:1)
  A salamander (Lair:3)
  8 cyclopes
  2 orc sorcerers (Orc:2)
  2 manticores (D:15)
  6 ugly things (D:14)
  An elephant (Lair:5)
  5 black mambas
  2 ice statues (IceCv)
  A guardian serpent (Snake:1)
  2 orange demons (Lair:5)
  A gargoyle (D:11)
  2 naga magi (Snake:1)
  A smoke demon (Lair:5)
  11 cane toads
  10 rime drakes
  An unseen horror (D:13)
  A freezing wraith (D:15)
  9 komodo dragons
  2 efreet (D:14)
  4 ice devils
  2 tengu conjurers (D:15)
  2 red devils (Lair:5)
  2 polar bears
  6 trolls
  4 blink frogs (Lair:3)
  A centaur simulacrum (D:15)
  A jumping spider (shapeshifter) (D:15)
  8 slime creatures (D:14)
  5 wyverns
  5 wraiths
  A shadow (D:10)
  70 yaks
  A steam dragon (D:6)
  A basilisk (Lair:5)
  A naga (Snake:1)
  5 wargs
  2 swamp worms (Lair:3)
  14 water moccasins
  4 acid dragons
  3 hell hounds (Lair:5)
  22 orc warriors
  An elf zombie (Elf:1)
  A sky beast (D:7)
  5 ogres
  A black bear (D:5)
  10 wolves
  9 centaurs
  A phantom (D:6)
  Blork the orc (Orc:2)
  2 kobold brigands
  10 bullfrogs
  3 scorpions
  A gnoll sergeant (D:8)
  16 wights
  2 lindwurm simulacra (IceCv)
  6 killer bees
  4 howler monkeys
  4 electric eels (Lair:4)
  7 komodo dragon simulacra (IceCv)
  3 lava snakes (Lair:3)
  12 orc priests
  A jelly (D:4)
  A hound (D:5)
  2 sleepcaps (D:6)
  Jessica (D:3)
  3 iguanas
  21 orc wizards
  A mummy (D:10)
  5 acid dragon simulacra (IceCv)
  4 gnolls
  4 adders
  3 white imps
  7 steam dragon simulacra (IceCv)
  A worm (D:4)
  2 dart slugs
  46 orcs
  6 ball pythons
  2 endoplasms (D:3)
  3 giant cockroaches
  7 goblins
  9 hobgoblins
  6 jackals (D:2)
  13 kobolds
  3 quokkas
  4 bats
  3 frilled lizards
  5 rats
554 creatures vanquished.

Vanquished Creatures (collateral kills)
  2 bog bodies (Lair:3)
  A deep elf archer (Elf:1)
  An oklob plant (Lair:2)
  An elephant (Lair:5)
  A black mamba (Lair:5)
  A cane toad (Lair:3)
  A rime drake (Lair:5)
  A komodo dragon (Lair:4)
  A blink frog (Lair:3)
  A wyvern (Lair:4)
  11 yaks
  A basilisk (Lair:4)
  A swamp worm (Lair:3)
  A water moccasin (Lair:4)
  4 wolves
  2 bullfrogs
  An electric eel (Lair:3)
  A gnoll (D:8)
  2 orcs (Orc:2)
35 creatures vanquished.

Vanquished Creatures (others)
  2 wizards (Elf:1)
  A deep elf archer (Elf:1)
  4 elf zombies (Elf:1)
  2 cane toad zombies (Lair:4)
  A human zombie (Elf:1)
  3 blink frog zombies (Lair:3)
  A centaur (D:15)
  A wyvern zombie (Lair:4)
  4 water moccasin zombies
  19 yak zombies
  6 wolf zombies
  A bullfrog zombie (Lair:4)
  An orc (Orc:2)
  13 orc zombies
  19 fungi
  27 plants
105 creatures vanquished.

Grand Total: 694 creatures vanquished

Notes
Turn   | Place    | Note
-------+----------+-------------------------------------------
     0 | D:1      | Lobster4 the Hill Orc Necromancer began the quest for the
                  | Orb.
     0 | D:1      | Reached XP level 1. HP: 14/14 MP: 3/3
   254 | D:1      | Reached XP level 2. HP: 22/22 MP: 2/4
   523 | D:1      | Reached skill level 1 in Fighting
  1332 | D:2      | Reached XP level 3. HP: 28/28 MP: 2/5
  1775 | D:2      | Reached skill level 1 in Armour
  1960 | D:3      | Reached XP level 4. HP: 35/35 MP: 3/6
  2131 | D:3      | Reached skill level 1 in Maces & Flails
  2406 | D:3      | Found a glowing golden altar of the Shining One.
  2444 | D:3      | Noticed Jessica
  2453 | D:3      | Killed Jessica
  2454 | D:3      | Reached skill level 1 in Ranged Weapons
  2454 | D:3      | Reached XP level 5. HP: 35/41 MP: 8/8
  2812 | D:4      | Identified a scroll of acquirement
  2812 | D:4      | Acquired a +0 buckler of protection
  3004 | D:4      | Reached XP level 6. HP: 48/48 MP: 9/9
  3162 | D:4      | Found a broken altar of Ashenzari.
  3397 | D:4      | Reached skill level 1 in Shields
  3572 | D:5      | Entered Level 5 of the Dungeon
  3636 | D:5      | Noticed a black bear
  3693 | D:5      | Reached XP level 7. HP: 27/56 MP: 10/10
  3948 | D:5      | Reached skill level 1 in Evocations
  4046 | D:5      | Reached skill level 1 in Throwing
  4322 | D:5      | Reached skill level 2 in Ranged Weapons
  4735 | D:5      | Reached skill level 5 in Necromancy
  4902 | D:6      | Found an iron altar of Okawaru.
  4908 | D:6      | Found a stormy altar of Qazlal.
  5014 | D:6      | Reached XP level 8. HP: 61/63 MP: 10/12
  5507 | D:6      | Found Eczun's Tremendous Tomes.
  5562 | D:6      | Found a staircase to the Ecumenical Temple.
  5581 | Temple   | Entered the Ecumenical Temple
  5748 | Temple   | Became a worshipper of Sif Muna the Loreminder
  6581 | D:6      | Reached skill level 1 in Invocations
  7735 | D:6      | Reached XP level 9. HP: 19/71 MP: 13/13
  8029 | D:8      | Found a transporter.
  8030 | D:8      | Found a transporter.
  8057 | D:8      | Noticed miket3c's ghost (novice MiFi)
  8176 | D:8      | Identified the +10 great mace of Cywurr {freeze, *Corrode
                  | rPois Dex+4}
  8176 | D:8      | Identified the +10 great mace "Sarerit" {drain, rN+}
  8176 | D:8      | Noticed a two-headed ogre
  8259 | D:8      | Reached * piety under Sif Muna
  8292 | D:7      | Reached skill level 3 in Ranged Weapons
  8395 | D:8      | Noticed Erica
  8576 | D:8      | Killed Erica
  8708 | D:8      | Reached skill level 5 in Fighting
  8855 | D:8      | Learned a level 2 spell: Scorch
  9144 | D:9      | Reached XP level 10. HP: 81/81 MP: 15/15
  9282 | D:9      | Reached skill level 1 in Fire Magic
  9551 | D:9      | Found a sparkling altar of Nemelex Xobeh.
  9775 | D:9      | Reached skill level 5 in Armour
  9786 | D:9      | Reached skill level 5 in Maces & Flails
  9962 | D:9      | Found a large runed translucent door.
  9962 | D:9      | Found a large runed translucent door.
  9964 | D:9      | Noticed Allyalt's ghost (novice TrBe)
 10014 | D:10     | Entered Level 10 of the Dungeon
 10313 | D:10     | Acquired a +1 hand crossbow of flaming
 10377 | D:10     | Reached skill level 5 in Shields
 10379 | D:10     | Reached skill level 5 in Invocations
 10581 | D:10     | Found a hide-covered altar of Uskayaw.
 10754 | D:10     | Acquired the ring "Yzulumm" {Contam Str+6 Int+2 Dex+2}
 10993 | D:10     | Reached skill level 4 in Ranged Weapons
 11099 | D:10     | Reached ** piety under Sif Muna
 11111 | D:10     | Found a snail-covered altar of Cheibriados.
 11176 | D:10     | Found an opulent altar of Gozag.
 11317 | D:10     | Reached XP level 11. HP: 66/89 MP: 17/17
 11570 | D:10     | Found a sacrificial altar of Ru.
 11713 | D:11     | You fall into a shaft and drop 3 floors!
 11719 | D:13     | Found Funytefo's Armour Shop.
 11722 | D:13     | Bought a +3 leather armour of poison resistance for 315
                  | gold pieces
 11968 | D:12     | Noticed a cyclops
 11979 | D:12     | Killed a cyclops
 12023 | D:12     | Noticed Sonja
 12025 | D:12     | Killed Sonja
 12096 | D:11     | Noticed a two-headed ogre
 12100 | D:11     | Killed a two-headed ogre
 12105 | D:11     | Noticed a cyclops
 12111 | D:11     | Killed a cyclops
 12446 | D:11     | Noticed a two-headed ogre
 12450 | D:11     | Killed a two-headed ogre
 12451 | D:11     | Reached skill level 5 in Ranged Weapons
 12563 | D:11     | Reached skill level 5 in Dodging
 12898 | D:11     | Found a staircase to the Lair.
 13166 | D:12     | Noticed a two-headed ogre
 13171 | D:12     | Killed a two-headed ogre
 13257 | D:12     | Learned a level 3 spell: Vampiric Draining
 13272 | D:12     | Noticed a cyclops
 13274 | D:12     | Killed a cyclops
 13321 | D:12     | Noticed a cyclops
 13325 | D:12     | Killed a cyclops
 13326 | D:12     | Reached XP level 12. HP: 35/100 MP: 19/19
 13581 | D:12     | Reached skill level 5 in Spellcasting
 13615 | D:12     | Found a staircase to the Orcish Mines.
 13645 | D:12     | Reached *** piety under Sif Muna
 14128 | D:13     | Noticed a centaur warrior
 14134 | D:13     | Killed a centaur warrior
 14135 | D:13     | Reached skill level 6 in Ranged Weapons
 14334 | D:13     | Found Feostreo's Book Shoppe.
 14336 | D:13     | Noticed a centaur warrior
 14350 | D:13     | Killed a centaur warrior
 14431 | D:13     | Found Pegaf's Magic Scroll Shoppe.
 14475 | D:13     | Bought a scroll of identify for 30 gold pieces
 14475 | D:13     | Bought a scroll of magic mapping for 112 gold pieces
 14475 | D:13     | Bought a scroll of identify for 30 gold pieces
 14475 | D:13     | Bought a scroll of identify for 30 gold pieces
 14475 | D:13     | Bought a scroll of identify for 30 gold pieces
 14478 | D:13     | Bought a scroll of blinking for 112 gold pieces
 14494 | D:13     | Noticed a centaur warrior
 14500 | D:13     | Killed a centaur warrior
 14913 | D:13     | Found Qepholy's Antique Weapon Shoppe.
 14944 | D:13     | Noticed a boulder beetle
 14953 | D:13     | Killed a boulder beetle
 14954 | D:13     | Reached skill level 5 in Fire Magic
 14954 | D:13     | Reached skill level 1 in Earth Magic
 15127 | D:13     | Found a gate to the Vaults.
 15807 | D:13     | Found Ismilla's Weapon Shop.
 15914 | Orc:1    | Entered Level 1 of the Orcish Mines
 16163 | Orc:1    | Found a frozen archway.
 16194 | IceCv    | Entered an ice cave
 16250 | IceCv    | Learned a level 4 spell: Flame Wave
 17318 | IceCv    | Reached skill level 7 in Ranged Weapons
 17404 | IceCv    | Reached **** piety under Sif Muna
 17454 | IceCv    | Noticed a white draconian
 17709 | IceCv    | Killed a white draconian
 17710 | IceCv    | Reached skill level 1 in Conjurations
 17710 | IceCv    | Reached XP level 13. HP: 98/107 MP: 20/20
 17748 | IceCv    | Got the Spellbook of Hypothermia
 18246 | Orc:2    | Entered Level 2 of the Orcish Mines
 18246 | Orc:2    | Found a burning altar of Makhleb.
 18375 | Orc:1    | Learned a level 4 spell: Animate Dead
 18487 | Orc:2    | Noticed Blork the orc
 18489 | Orc:2    | Noticed an orc warlord
 18492 | Orc:2    | Killed Blork the orc
 18547 | Orc:1    | Killed an orc warlord
 18548 | Orc:1    | Reached skill level 1 in Axes
 18614 | Orc:2    | Noticed an orc warlord
 18700 | Orc:2    | Found a roughly hewn altar of Beogh.
 19140 | Orc:1    | Killed an orc warlord
 19315 | Orc:2    | Reached ***** piety under Sif Muna
 19383 | Orc:2    | Noticed Nergalle
 20128 | Orc:2    | Found a roughly hewn altar of Beogh.
 20229 | Orc:2    | Killed Nergalle
 20354 | Orc:2    | Found Fusimiuj's Antique Weapon Shop.
 20410 | Orc:2    | Found Ygiuc's Jewellery Shop.
 20426 | Orc:2    | Found Ryalirch's Antique Armour Shop.
 20442 | Orc:2    | Found Xaro Xyu's General Store.
 20465 | Orc:2    | Bought a translucent war axe for 238 gold pieces
 20465 | Orc:2    | Identified the +1 war axe of the Tortured God {drain,
                  | Will+} (You bought it in a shop on level 2 of the Orcish
                  | Mines)
 20481 | Orc:2    | Bought a pair of twisted boots for 323 gold pieces
 20481 | Orc:2    | Identified the +1 pair of boots of the Abyss {rC+ Str+3
                  | Slay+2} (You bought it in a shop on level 2 of the Orcish
                  | Mines)
 20494 | Orc:2    | Bought a translucent ring mail for 306 gold pieces
 20494 | Orc:2    | Identified the +0 ring mail "Loist" {rElec rN+ Stlth-} (You
                  | bought it in a shop on level 2 of the Orcish Mines)
 20537 | Orc:2    | Found a staircase to the Elven Halls.
 20579 | Orc:2    | Found Tenigg's Distillery.
 20587 | Orc:2    | Bought a potion of heal wounds for 80 gold pieces
 20685 | Lair:1   | Entered Level 1 of the Lair of Beasts
 20863 | Lair:1   | Received a gift from Sif Muna
 21315 | Lair:1   | Reached skill level 8 in Ranged Weapons
 21720 | Lair:2   | Found a blossoming altar of Fedhas.
 22260 | Lair:2   | Reached XP level 14. HP: 116/118 MP: 22/22
 22532 | Lair:2   | Found a runed translucent door.
 22536 | Lair:2   | Noticed Nabski's ghost (journeyman TeFE)
 23746 | Lair:3   | Found a staircase to the Snake Pit.
 24060 | Lair:3   | Noticed Gastronok
 24071 | Lair:3   | Killed Gastronok
 24099 | Lair:3   | Received a gift from Sif Muna
 24102 | Lair:3   | Got Sourop's Grimoire of Harmful Tephra {god gift}
 24489 | Lair:3   | Identified the +9 hand axe of Kismet {flame, rF+}
 24590 | Lair:3   | Found a staircase to the Swamp.
 24765 | Lair:3   | Reached skill level 5 in Axes
 24950 | Lair:4   | You fall into a shaft and drop 1 floor!
 24950 | Lair:5   | Entered Level 5 of the Lair of Beasts
 24970 | Lair:5   | Reached skill level 9 in Ranged Weapons
 25119 | Lair:4   | Noticed Kavoxtif's ghost (journeyman MiFi)
 25330 | Lair:4   | Found a runed translucent gate.
 25330 | Lair:4   | Found a runed translucent gate.
 25330 | Lair:4   | Found a runed translucent gate.
 25575 | Lair:4   | Found a viscous altar of Jiyva.
 25581 | Lair:4   | Found a staircase to the Slime Pits.
 26062 | Lair:5   | Noticed a dire elephant
 26081 | Lair:5   | Killed a dire elephant
 26463 | Lair:5   | Reached skill level 5 in Earth Magic
 26629 | Lair:5   | Reached skill level 10 in Fighting
 26905 | Lair:5   | Found a burning altar of Makhleb.
 26942 | Lair:5   | Reached skill level 10 in Invocations
 26988 | Lair:5   | Reached XP level 15. HP: 101/126 MP: 24/24
 27108 | Lair:5   | Received a gift from Sif Muna
 27118 | Lair:5   | Got Sif Muna's Catalogue of the Jaunt and Corpses {god
                  | gift}
 27207 | Lair:5   | Found a gateway to Hell.
 27730 | D:14     | Found a runed translucent gate.
 27730 | D:14     | Found a runed translucent gate.
 27730 | D:14     | Found a runed translucent gate.
 27971 | D:14     | Identified Roxanne's Vellum of Composition
 27971 | D:14     | Noticed Roxanne
 28182 | D:14     | Noticed Snorg
 28201 | D:14     | Killed Snorg
 28202 | D:14     | Reached skill level 10 in Ranged Weapons
 28255 | D:14     | Noticed ytrimaz's ghost (journeyman FoFi)
 28894 | D:15     | Entered Level 15 of the Dungeon
 28993 | D:15     | Acquired the +1 buckler of the Shining Light {rElec rF+
                  | Dex+3 Slay-3}
 29785 | D:15     | Reached skill level 10 in Necromancy
 29983 | D:15     | Found a staircase to the Depths.
 30357 | Elf:1    | Entered Level 1 of the Elven Halls
 30509 | Elf:1    | Identified the +9 plate armour of Wiuwe {Rampage +Inv rElec
                  | Int-5}
 30639 | Elf:1    | Found Coxtasaw's Magic Scroll Shoppe.
 31059 | Elf:1    | Found Amuguh's Book Boutique.
 31064 | Elf:1    | Found Tucaason's Antique Armour Boutique.
 31159 | Elf:1    | Reached skill level 10 in Armour
 31765 | Snake:1  | Entered Level 1 of the Snake Pit
 32118 | Snake:1  | Reached skill level 11 in Ranged Weapons
 32295 | Snake:1  | HP: 1/126 [naga warrior/+0 dire flail (16)]
 32295 | Snake:1  | Constricted to death by a naga warrior

Illustrated notes

Levels and vault maps discovered:
D:1:      roderic_crop_circles_arrival_small, layout_loops_corners,
          hangedman_decor_push
D:2:      layout_basic, nicolae_hexahallways, st_stairs_1
D:3:      layout_basic, mainiacjoe_overflow_alcove_1,
          minmay_misc_feat_nine_boxes, uniq_jessica
D:4:      layout_cave_pools, evilmike_ruin_ashenzari, minmay_stone_trees_small,
          minmay_bisected
D:5:      lemuel_ice_spiral_2, layout_basic, dreamdust_princess_bridge,
          hellmonk_bongcloud_opening
D:6:      layout_loops_ring, mainiacjoe_overflow_catwalk, okawaru_trees_2,
          minmay_temple_entry_junction, hangedman_decor_growths,
          nicolae_shop_i_like_big_books
D:7:      layout_basic, nicolae_fountain_basement
D:8:      layout_rooms, gammafunk_ghost_smash, abandoned_shop, uniq_erica
D:9:      layout_basic, nemelex_diamond_rough_becter,
          ebering_ghost_disaster_area
D:10:     layout_cave_pods, nicolae_overflow_hidden_temple,
          mainiacjoe_overflow_alcove_4, slow_altar_2, kennysheep_mini_moat
D:11:     layout_cave_pools, david_lair_shrubbed
D:12:     layout_long_grid, erik_orc_3, uniq_sonja
D:13:     layout_gridville, david_vaults_1, serial_shops,
          nicolae_shop_hallway_plus, nicolae_stop_n_shop_2,
          nicolae_shop_bloodbath_and_beyond, nicolae_shop_stone, shop
D:14:     layout_rooms, gammafunk_ghost_icy, kennysheep_decorative_pillar,
          uniq_roxanne, uniq_snorg
D:15:     grunt_enter_depths_hoard, layout_loops_ring,
          amcnicky_mini_rare_corridor_liquid
Temple:   oiseaux_autumnal_temple
Lair:1:   layout_loops_ring, chequers_serial_rivers_large_b, beast_lair_carwin_5
Lair:2:   layout_cave_pods, ebering_ghost_inner_flame, lemuel_oklob_altar,
          grunt_megastairs_3
Lair:3:   layout_cave_pods, nicolae_swamp_entry_splash_gauntlet,
          nicolae_snake_entry_warm_welcome, uniq_gastronok
Lair:4:   layout_gridlike, dpeg_slime_entry_corner,
          maelrawn_ghost_gauntlet_escape, chequers_serial_rivers_small_3,
          infiniplex_staircase_pool
Lair:5:   evil_forest, layout_cellular_growth
Snake:1:  layout_cave_pods, uniq_asterion
Orc:1:    layout_caves, portal_ice_cave_demonic_guard
Orc:2:    grunt_orc_cross, layout_caves, serial_shops, shop, basic_altar,
          bloody_makhleb
Elf:1:    layout_loops_corners, serial_shops, shop_fountains,
          hangedman_elf_disciples, minmay_shop_star

Skill      XL: |  1  2  3  4  5  6  7  8  9 10 11 12 13 14 15 |
---------------+----------------------------------------------+-----
Fighting       | 1 2 3 4 5 6 7 8 9 10 | 10.0
Stealth        | 2 |  2.0
Armour         | 1 2 3 4 5 6 7 8 9 10 | 10.0
Spellcasting   | 2 3 4 5 6 |  6.2
Maces & Flails | 1 2 3 4 5 6 7 |  7.0
Dodging        | 2 3 4 5 6 7 8 |  8.1
Ranged Weapons | 1 2 3 4 5 7 8 9 11 | 11.0
Shields        | 1 2 3 4 5 6 |  6.0
Evocations     | 1 2 3 4 |  4.0
Throwing       | 1 2 3 |  3.0
Necromancy     | 5 6 7 8 9 10 | 10.3
Invocations    | 2 4 5 6 7 8 10 | 10.0
Fire Magic     | 2 4 5 6 |  6.0
Earth Magic    | 2 3 5 6 |  6.4
Conjurations   | 1 3 |  3.0
Axes           | 3 6 8 |  8.3

Action                     |  1- 3 |  4- 6 |  7- 9 | 10-12 | 13-15 || total
---------------------------+-------+-------+-------+-------+-------++-------
  Melee: Spear             |    10 |       |       |       |       ||    10
         Mace              |    30 |    22 |   124 |    92 |       ||   268
         Whip              |       |    20 |   105 |       |       ||   125
         Punch             |       |       |     1 |       |       ||     1
         War axe           |       |       |    11 |    67 |    47 ||   125
         Staff             |       |       |     1 |     2 |       ||     3
         Broad axe         |       |       |       |       |     9 ||     9
   Fire: Sling             |    22 |    72 |   163 |    81 |       ||   338
         Hand crossbow     |       |       |       |   433 |  1174 ||  1607
  Throw: Dart              |       |       |     9 |     4 |    18 ||    31
         Javelin           |       |       |     1 |       |       ||     1
   Cast: Necrotise         |    33 |     7 |    42 |     4 |       ||    86
         Scorch            |       |       |       |    91 |    30 ||   121
         Animate Dead      |       |       |       |       |    23 ||    23
         Flame Wave        |       |       |       |       |     1 ||     1
  Evoke: Wand              |       |       |     2 |    14 |    10 ||    26
    Use: Scroll            |       |    10 |     9 |    21 |    12 ||    52
         Potion            |       |     2 |     2 |     4 |     4 ||    12
   Stab: Invisible         |       |     3 |       |       |       ||     3
         Distracted        |       |       |       |       |     1 ||     1
 Armour: Robe              |     7 |    25 |     9 |       |       ||    41
         Leather armour    |       |       |   126 |   245 |   383 ||   754
  Dodge: Dodged            |    38 |    34 |   148 |   294 |   585 ||  1099
  Block: Buckler           |       |       |   141 |   324 |   542 ||  1007
         Reflection        |       |       |     4 |    18 |    42 ||    64

Table legend: (Time is in decaauts)
 A = Elapsed time spent in this place.
 B = Non-inter-level travel time spent in this place.
 C = Inter-level travel time spent in this place.
 D = Time resting spent in this place.
 E = Time spent auto-exploring this place.
 F = Levels seen in this place.
 G = Mean time per level.
                   A        B        C        D        E       F      G
               +--------+--------+--------+--------+--------+-----+--------+
         Total |  33586 |  31143 |   2443 |   5733 |  17721 |  26 | 1291.8 |
       Dungeon |  19419 |  17865 |   1554 |   2915 |  11071 |  15 | 1294.6 |
        Temple |    358 |    325 |     33 |      0 |    297 |   1 |  358.0 |
          Lair |   7073 |   6684 |    389 |    410 |   4537 |   5 | 1414.6 |
     Snake Pit |    563 |    563 |      0 |     92 |    289 |   1 |  563.0 |
  Orcish Mines |   3170 |   2706 |    464 |    836 |    930 |   2 | 1585.0 |
   Elven Halls |   1277 |   1277 |      0 |    437 |    500 |   1 | 1277.0 |
      Ice Cave |   1722 |   1722 |      0 |   1041 |     96 |   1 | 1722.0 |
               +--------+--------+--------+--------+--------+-----+--------+

Top non-repeatable levels by time:
    D:13: 1864 daAuts
   Orc:2: 1769 daAuts
   IceCv: 1722 daAuts
     D:7: 1718 daAuts
    D:12: 1711 daAuts
  Lair:2: 1635 daAuts
    D:10: 1598 daAuts
     D:6: 1578 daAuts
  Lair:5: 1554 daAuts
  Lair:3: 1516 daAuts
    D:15: 1430 daAuts
     D:9: 1419 daAuts
   Orc:1: 1401 daAuts
     D:5: 1301 daAuts
   Elf:1: 1277 daAuts
